Map: Overgrown Facility

Players

OpuS - Winner!

  • Race: Protoss Protoss
  • League: Platinum
  • Spawn Location: 3:00

Sketchaphone - Winner!

  • Race: Zerg Zerg
  • League: Platinum
  • Spawn Location: 1:00

DblFishhook

  • Race: Protoss Protoss
  • Spawn Location: 7:00

Smokie

  • Race: Protoss Protoss
  • Spawn Location: 9:00

VOD

Have the link to the VOD?

Description

Time

  • Played on: Feb. 25, 2019, 9:09 p.m.
  • Length: 17:46
Show
View Real Time Build Order
Export as new Build Order

OpuS Protoss - Winner!

Build Orders:  

Get SALT Encoding   

  12  0:01  Probe  
  13  0:13  Probe  
  14  0:20  Pylon  
  14  0:25  Probe  
  15  0:41  Gateway  
  15  0:45  Probe  
  16  0:50  Assimilator  
  16  0:54  Probe, Assimilator  
  17  1:07  Gateway  
  17  1:15  Probe  
  18  1:27  Probe  
  18  1:31  Cybernetics Core  
  19  1:39  Probe  
  20  1:54  Probe  
  21  2:02  Pylon, Probe  
  21  2:05  Pylon  
  21  2:07  Warp Gate  
  22  2:20  Stalker x2  
  26  2:34  Shield Battery  
  26  2:36  Probe  
  27  2:48  Probe  
  27  2:49  Stalker x2  
  31  3:04  Forge  
  31  3:18  Stargate  
  31  3:33  Stalker x2  
  35  3:43  Pylon  
  35  3:59  Photon Cannon  
  35  4:02  Void Ray  
  39  4:22  Probe  
  39  4:23  Stalker x2  
  38  4:30  Probe  
  34  4:45  Void Ray  
  38  5:08  Nexus  
  38  5:20  Stalker  
  34  5:56  Photon Cannon  
  34  5:57  Void Ray  
  34  5:58  Robotics Facility  
  36  6:22  Probe x2  
  38  6:30  Stargate  
  38  6:34  Probe x2  
  38  6:36  Assimilator  
  40  6:41  Assimilator  
  40  6:51  Void Ray  
  44  6:59  Probe x2  
  46  7:12  Probe x2  
  48  7:20  Oracle  
  51  7:24  Probe  
  51  7:25  Probe  
  53  7:35  Pylon  
  53  7:36  Probe  
  54  7:37  Probe  
  55  7:49  Probe, Void Ray  
  60  7:55  Probe  
  61  8:01  Probe  
  62  8:07  Probe  
  62  8:08  Pylon  
  63  8:13  Probe  
  64  8:22  Protoss Air Weapons Level 1  
  64  8:27  Void Ray  
  64  8:32  Void Ray  
  72  8:40  Probe x2  
  74  8:50  Fleet Beacon  
  74  8:59  Twilight Council  
  74  9:00  Void Ray  
  78  9:21  Cybernetics Core  
  78  9:35  Pylon  
  78  9:36  Pylon  
  78  9:38  Pylon  
  78  9:47  Void Ray  
  78  9:48  Void Ray  
  80  10:13  Probe x2  
  74  10:23  Void Ray x2  
  74  10:25  Probe  
  74  10:26  Probe  
  84  10:36  Nexus  
  84  10:43  Protoss Air Weapons Level 2  
  84  10:46  Probe x2  
  86  10:52  Pylon  
  86  10:57  Stargate  
  86  10:58  Void Ray  
  86  11:03  Void Ray  
  78  11:41  Void Ray  
  78  11:46  Void Ray  
  86  11:57  Probe x3  
  86  11:59  Pylon  
  89  12:02  Void Ray  
  89  12:07  Stargate  
  93  12:09  Pylon  
  93  12:11  Pylon  
  93  12:23  Void Ray  
  93  12:38  Void Ray  
  89  12:45  Void Ray  
  89  12:48  Probe x3  
  89  12:50  Assimilator  
  96  12:55  Assimilator  
  96  12:59  Protoss Air Weapons Level 3  
  96  13:00  Probe x3  
  99  13:06  Void Ray  
  99  13:12  Probe  
  104  13:18  Probe x2  
  106  13:21  Void Ray  
  106  13:23  Void Ray  
  114  13:34  Nexus  
  114  13:37  Probe x2, Assimilator  
  114  13:39  Probe  
  114  13:41  Assimilator  
  117  13:46  Void Ray  
  121  13:51  Probe  
  121  13:52  Probe x2  
  124  13:55  Protoss Shields Level 1  
  124  13:56  Protoss Air Armor Level 1  
  124  14:08  Void Ray  
  128  14:19  Void Ray  
  124  14:32  Oracle  
  124  14:35  Void Ray  
  124  14:36  Probe  
  124  14:37  Probe x2  
  130  14:48  Probe  
  130  14:51  Stargate  
  131  14:54  Stargate  
  131  14:59  Probe x3  
  134  15:01  Probe  
  135  15:11  Probe x2, Void Ray x2  
  135  15:12  Void Ray  
  149  15:32  Probe x3  
  149  15:33  Probe  
  153  15:37  Tempest x2  
  163  15:44  Probe  
  163  15:45  Pylon  
  163  15:46  Pylon  
  163  15:49  Pylon  
  164  15:53  Pylon  
  164  16:02  Probe x2  
  164  16:03  Tempest  
  168  16:10  Tempest x2  
  174  16:20  Tempest  
  171  16:46  Tempest x3  
  182  16:56  Tempest  
Show
View Real Time Build Order
Export as new Build Order

Sketchaphone Zerg - Winner!

Build Orders: Hatch First, Swarm Host 

Get SALT Encoding   

  12  0:02  Drone  
  13  0:12  Overlord  
  13  0:19  Drone  
  14  0:23  Extractor  
  14  0:24  Drone  
  15  0:32  Drone  
  15  0:34  Drone  
  17  0:56  Hatchery  
  16  0:58  Drone  
  16  1:02  Drone  
  16  1:04  Extractor  
  17  1:20  Spawning Pool  
  16  1:29  Drone  
  16  1:30  Overlord  
  17  1:36  Drone  
  18  1:44  Drone  
  19  1:55  Drone  
  20  2:02  Drone  
  20  2:06  Metabolic Boost  
  20  2:07  Queen  
  23  2:11  Zergling x2  
  24  2:16  Zergling x2  
  24  2:19  Zergling x2  
  26  2:23  Zergling x2  
  26  2:29  Zergling x2  
  28  2:40  Evolution Chamber, Drone  
  28  2:41  Zergling x2  
  29  2:51  Queen  
  29  2:53  Zergling x4  
  29  2:56  Drone  
  34  3:10  Zerg Melee Weapons Level 1  
  34  3:11  Zergling x4  
  36  3:15  Overlord  
  36  3:20  Overlord  
  36  3:36  Zergling x10  
  41  3:47  Lair  
  41  3:51  Drone x2  
  41  3:55  Drone  
  41  4:22  Drone x4  
  45  4:27  Drone x4  
  43  4:45  Overlord  
  43  4:50  Hydralisk Den  
  42  4:53  Overlord  
  42  4:54  Overlord, Evolution Chamber  
  41  5:03  Drone x3  
  44  5:10  Extractor  
  44  5:12  Zerg Missile Weapons Level 1  
  43  5:16  Drone x3  
  43  5:18  Drone x2, Extractor  
  47  5:22  Grooved Spines  
  46  5:30  Overlord  
  42  5:43  Zergling x2  
  42  5:44  Zergling x10  
  42  5:48  Overseer  
  48  5:53  Hydralisk x2  
  52  5:59  Drone x2  
  52  6:00  Drone  
  52  6:01  Extractor  
  54  6:09  Hydralisk x2  
  58  6:26  Zergling x8  
  58  6:30  Hydralisk x2  
  66  6:34  Muscular Augments  
  66  6:35  Hatchery  
  66  6:37  Drone x2  
  67  6:40  Drone  
  67  6:45  Hatchery  
  66  7:07  Hydralisk x7  
  73  7:17  Hydralisk  
  73  7:18  Hydralisk  
  73  7:20  Drone x2  
  77  7:24  Drone x2  
  77  7:29  Pneumatized Carapace  
  79  7:38  Overlord  
  79  7:42  Hydralisk x2  
  83  7:46  Zerg Ground Armor Level 1  
  83  7:52  Queen  
  83  7:56  Spore Crawler  
  84  8:02  Drone  
  85  8:15  Queen  
  85  8:17  Drone x7  
  85  8:19  Drone  
  95  8:21  Nydus Network, Drone  
  95  8:34  Queen  
  95  8:39  Overlord  
  97  8:43  Zerg Missile Weapons Level 2  
  97  8:46  Hydralisk x2  
  101  8:50  Overlord x2  
  101  8:57  Spore Crawler  
  101  9:02  Spore Crawler  
  99  9:03  Overlord  
  99  9:16  Hydralisk x3  
  105  9:27  Zergling x2  
  105  9:28  Zergling x20  
  105  9:31  Overlord  
  116  9:37  Extractor  
  115  9:38  Extractor  
  114  9:47  Nydus Canal  
  114  9:57  Nydus Canal  
  114  10:00  Zergling x12  
  114  10:03  Overlord  
  114  10:04  Overlord  
  120  10:10  Infestation Pit  
  119  10:19  Overseer  
  108  10:45  Zerg Ground Armor Level 2  
  108  10:50  Hive  
  108  10:51  Burrow  
  108  10:56  Drone x3  
  109  10:59  Swarm Host  
  109  11:00  Swarm Host x4  
  130  11:05  Overseer  
  130  11:06  Overseer  
  109  11:26  Hydralisk  
  109  11:27  Hydralisk x9  
  109  11:28  Hydralisk  
  103  11:53  Swarm Host x3  
  112  11:54  Hydralisk  
  117  12:02  Drone x7  
  124  12:25  Hydralisk  
  124  12:28  Overlord x2  
  126  12:33  Overlord  
  126  12:38  Drone  
  123  13:19  Overlord x3  
  117  13:26  Hydralisk x8  
  117  13:27  Hydralisk  
  111  13:29  Overlord x2  
  111  13:31  Overlord  
  127  13:37  Nydus Canal  
  127  13:39  Adrenal Glands  
  127  13:40  Zerg Melee Weapons Level 2  
  127  13:42  Zerg Missile Weapons Level 3  
  127  13:47  Evolution Chamber  
  126  13:48  Zergling x2  
  126  13:49  Zergling x18  
  126  13:52  Drone  
  137  14:14  Zergling x2  
  137  14:15  Zergling x14  
  145  14:22  Queen  
  145  14:23  Drone x4  
  151  14:38  Hydralisk x4  
  151  14:46  Zergling x8  
  151  14:48  Zergling x12  
  150  14:53  Zergling x6  
  145  15:00  Zergling x8  
  145  15:07  Extractor  
  147  15:08  Extractor  
  147  15:09  Zergling x8  
  148  15:14  Zergling x2  
  143  15:31  Zergling x8  
  143  15:32  Zergling x6  
  109  16:01  Hatchery  
  107  16:07  Zergling x24  
  107  16:10  Zergling x2  
  112  16:14  Nydus Canal  
  109  16:26  Zergling x12  
  114  16:33  Hydralisk x3  
  114  16:34  Hydralisk  
  120  16:40  Hydralisk  
  120  16:41  Hydralisk x2  
  108  17:04  Hydralisk  
  108  17:05  Hydralisk x8  
  117  17:13  Overseer  
  113  17:22  Hatchery  
  109  17:26  Overseer  
  109  17:29  Spire  
Show
View Real Time Build Order
Export as new Build Order

DblFishhook Protoss 

Build Orders: Zealot Archon, Dark Templar Rush 

Get SALT Encoding   

  12  0:01  Probe  
  13  0:17  Pylon  
  13  0:20  Probe  
  14  0:32  Probe  
  15  0:40  Probe, Gateway  
  15  0:48  Probe  
  17  0:59  Probe  
  18  1:09  Probe  
  19  1:14  Assimilator  
  19  1:17  Probe  
  20  1:25  Probe  
  20  1:26  Assimilator  
  21  1:37  Cybernetics Core, Probe  
  22  1:49  Probe  
  22  1:53  Gateway  
  23  1:58  Probe  
  23  2:01  Pylon  
  23  2:15  Warp Gate  
  23  2:17  Probe  
  23  2:21  Adept  
  26  2:29  Probe  
  27  2:30  Shield Battery  
  27  2:40  Adept  
  29  2:49  Twilight Council  
  29  3:01  Adept  
  29  3:04  Shield Battery  
  31  3:12  Pylon  
  31  3:14  Pylon  
  31  3:15  Charge  
  31  3:30  Probe  
  31  3:31  Dark Shrine  
  32  3:39  Adept  
  34  3:42  Probe  
  34  3:46  Forge  
  35  3:54  Probe  
  36  4:05  Stalker  
  38  4:16  Probe  
  39  4:18  Gateway  
  39  4:28  Probe  
  36  4:32  Stalker x2  
  36  4:35  Gateway  
  40  4:40  Probe  
  41  4:52  Probe  
  41  4:55  Gateway  
  41  4:58  Dark Templar  
  44  5:00  Dark Templar  
  46  5:18  Pylon  
  46  5:22  Pylon  
  42  5:45  Protoss Ground Weapons Level 1  
  42  5:50  Nexus  
  42  5:57  Photon Cannon, Dark Templar  
  44  6:14  Photon Cannon  
  44  6:15  Zealot x2  
  48  6:20  Shield Battery  
  48  6:28  Dark Templar  
  50  6:33  Gateway  
  50  6:39  Stalker  
  52  6:42  Probe  
  53  6:51  Dark Templar  
  53  6:53  Archon  
  53  6:57  Zealot  
  55  7:10  Zealot x2  
  55  7:13  Probe  
  60  7:19  Dark Templar  
  62  7:24  Probe  
  62  7:25  Probe  
  62  7:29  Sentry x2  
  68  7:36  Probe  
  69  7:40  Zealot  
  69  7:41  Pylon  
  69  7:43  Archon  
  71  7:55  Assimilator  
  71  8:04  Nexus  
  71  8:14  Zealot x4  
  79  8:26  Templar Archives  
  79  8:28  Probe x2  
  79  8:33  Stalker  
  83  8:40  Probe  
  84  8:43  Photon Cannon  
  84  8:48  Protoss Ground Armor Level 1  
  84  8:52  Zealot, Psionic Storm  
  86  9:00  Pylon  
  86  9:03  Pylon  
  86  9:16  Assimilator  
  86  9:20  High Templar  
  86  9:21  Zealot x3  
  94  9:25  Probe, Assimilator  
  95  9:34  Stalker  
  97  9:49  Photon Cannon  
  96  10:01  Stalker x3  
  96  10:02  Stalker  
  96  10:06  Stalker  
  106  10:22  Stalker  
  106  10:26  High Templar  
  110  10:29  Probe x2  
  104  10:38  Zealot x3  
  104  10:40  High Templar  
  104  10:41  Probe  
  104  10:42  Probe  
  110  10:44  Probe  
  111  10:53  Probe  
  111  10:54  Probe  
  111  10:55  Zealot  
  115  11:01  Probe  
  116  11:05  Probe  
  116  11:10  Probe  
  114  11:13  Probe  
  114  11:17  Probe  
  104  11:23  Probe  
  101  11:29  Probe  
  63  11:43  Archon  
  63  11:48  Stalker  
  63  11:49  Stalker x5  
  63  11:52  Protoss Ground Weapons Level 2  
  67  11:59  Gateway  
  67  12:00  Gateway  
  67  12:01  Gateway  
  67  12:02  Gateway  
  67  12:03  Gateway  
  65  12:15  High Templar x4  
  73  12:16  Zealot x2  
  77  12:27  Archon x2  
  63  12:38  Stalker x2  
  63  12:40  Gateway  
  63  12:42  Pylon, Probe x2  
  63  12:44  Pylon  
  69  12:46  Pylon  
  69  12:48  Nexus  
  69  12:53  Stalker  
  69  12:54  Probe x2  
  73  13:02  Stalker x2  
  77  13:10  Probe x2  
  79  13:16  Stalker  
  79  13:17  Stalker  
  83  13:22  Probe x2  
  85  13:27  High Templar  
  85  13:28  High Templar  
  90  13:34  Probe x2  
  90  13:40  Pylon  
  91  13:46  Probe x2  
  93  13:52  Stalker x3  
  99  13:58  Probe  
  100  14:05  Zealot x3  
  100  14:09  High Templar x2  
  110  14:18  Stalker x3, Blink  
  78  14:39  Stalker, Pylon  
  78  14:40  Stalker  
  78  14:41  Zealot  
  78  14:42  Zealot x3  
  90  14:47  Stalker  
  92  14:53  Assimilator  
  92  15:06  Nexus  
  92  15:09  Zealot x4  
  92  15:10  Zealot  
  99  15:21  Stalker x3  
  105  15:31  Stalker  
  105  15:32  Stalker x2  
  111  15:37  Zealot x2  
  111  15:39  Probe x2  
  101  15:59  Stalker x2  
  101  16:00  Stalker x4  
  106  16:13  Stalker  
  106  16:14  Stalker x4  
  111  16:24  Zealot x3  
  117  16:38  Stalker  
  74  17:03  Stalker  
  74  17:04  Stalker  
  74  17:05  Zealot x2  
Show
View Real Time Build Order
Export as new Build Order

Smokie Protoss 

Build Orders: Proxy Void Ray 

Get SALT Encoding   

  12  0:01  Probe  
  13  0:19  Probe  
  13  0:20  Pylon  
  13  0:27  Probe  
  15  0:45  Gateway  
  15  0:48  Probe  
  16  0:51  Assimilator  
  16  0:57  Assimilator  
  16  1:00  Probe  
  17  1:12  Probe  
  18  1:20  Probe  
  19  1:28  Probe  
  19  1:30  Pylon  
  19  1:38  Cybernetics Core  
  19  1:39  Probe  
  21  1:53  Probe  
  22  2:05  Probe  
  23  2:13  Probe  
  23  2:14  Adept  
  25  2:21  Probe  
  27  2:30  Stargate  
  27  2:32  Probe  
  27  2:34  Shield Battery  
  28  2:40  Pylon  
  28  2:41  Shield Battery  
  28  2:44  Probe  
  28  2:46  Stargate  
  29  2:57  Probe  
  30  3:03  Pylon  
  30  3:09  Probe  
  31  3:14  Void Ray  
  35  3:26  Void Ray  
  39  3:56  Forge  
  24  4:45  Probe  
  23  4:54  Nexus  
  23  4:57  Pylon, Probe  
  24  5:01  Void Ray  
  28  5:09  Probe  
  29  5:21  Probe  
  30  5:22  Photon Cannon  
  30  5:27  Photon Cannon  
  30  5:33  Probe  
  31  5:41  Phoenix x2  
  27  5:45  Probe  
  32  6:02  Photon Cannon  
  32  6:04  Shield Battery  
  32  6:08  Probe x2  
  33  6:34  Phoenix  
  33  6:35  Probe x2, Phoenix  
  39  6:43  Probe x2  
  39  6:51  Probe x2  
  41  6:59  Phoenix  
  45  7:33  Fleet Beacon  
  45  7:35  Phoenix  
  47  7:37  Assimilator  
  47  7:42  Assimilator  
  47  7:46  Pylon  
  47  7:48  Pylon  
  47  7:51  Phoenix  
  47  7:57  Protoss Air Weapons Level 1  
  49  8:26  Stargate  
  49  8:53  Anion Pulse-Crystals  
  49  8:56  Tempest  
  54  9:07  Tempest  
  59  9:26  Tempest  
  60  10:43  Nexus  
  60  10:48  Pylon  
  60  10:50  Pylon  
  60  11:05  Tempest x2  
  60  11:08  Tempest  
  48  11:57  Nexus  
  48  11:59  Pylon  
  48  12:16  Probe x2  
  48  12:18  Tempest x2  
  60  12:28  Probe x2  
  57  12:40  Probe  
  58  12:51  Probe  
  58  12:52  Probe  
  55  13:03  Probe  
  55  13:04  Probe  
  49  13:33  Nexus  
  49  13:35  Photon Cannon  
  49  13:38  Photon Cannon  
  49  13:40  Photon Cannon  
  49  13:42  Pylon  
  49  13:45  Tempest  
  49  13:47  Tempest  
  56  14:26  Probe  
  56  14:27  Probe  
  58  14:31  Protoss Air Weapons Level 2  
  58  14:38  Probe  
  58  14:40  Mothership  
  59  14:55  Probe  
  68  15:02  Tempest  
  68  16:09  Stargate  
  43  16:12  Stargate  
  43  16:15  Stargate  
  33  16:34  Phoenix  
  26  16:59  Phoenix x3  
  26  17:00  Phoenix  
  27  17:23  Probe  
Tags
 
Add a new tag
Caveats
  • Supply blocks, unpowered buildings, or Contaminate may cause inaccurate times.
  • Supply counts are checked every 10 seconds.